 Dungeon Crawl Stone Soup version 0.29-a0-1009-g60c99734e7 (webtiles) character file.

Game seed: 18321117432202524469

36093 Manisian the Unseen (level 13, -13/63 HPs)
             Began as a Spriggan Enchanter on Aug 8, 2022.
             Was a High Priest of Dithmenos.
             Mangled by a catoblepas (14 damage)
             ... while petrified by a catoblepas
             ... on level 4 of the Lair of Beasts.
             The game lasted 00:45:22 (19417 turns).

Manisian the Unseen (Spriggan Enchanter)           Turns: 19417, Time: 00:45:23

Health: -13/63     AC:  9    Str:  4    XL:     13   Next: 51%
Magic:  17/28      EV:  4    Int: 18    God:    Dithmenos [*****.]
Gold:   1042       SH:  0    Dex: 19    Spells: 12/33 levels left

rFire   . . .      SeeInvis +   c - +8 arc blade {discharge, rElec}
rCold   . . .      Faith    .   (no shield)
rNeg    + + +      Spirit   .   t - +1 steam dragon scales
rPois   ∞          Reflect  +   G - +2 hat
rElec   +          Harm     .   J - +0 cloak
rCorr   .          Rampage  .   (gloves unavailable)
Will    ++...                   (boots unavailable) Stlth ***+++++++
                                s - amulet of reflection
HPRegen 0.20/turn               e - ring of flight
MPRegen 0.21/turn               N - ring of positive energy

@: petrified, flying, wreathed by umbra, very quick
A: very small, no large weapons, unfitting armour, see invisible, speed 3
a: Renounce Religion, Shadow Step, Shadow Form


You were on level 4 of the Lair of Beasts.
You worshipped Dithmenos.
Dithmenos was extremely pleased with you.
You visited 3 branches of the dungeon, and saw 18 of its levels.
You also visited: Sewer, Ossuary and Bailey.

You collected 1042 gold pieces.

Inventory:

Hand Weapons
 a - a +2 dagger
 c - the +8 arc blade (weapon) {discharge, rElec}
   (You acquired it in an ossuary)

   It occasionally unleashes powerful arcs of lightning upon striking a foe.
   These may arc to other adjacent creatures (including the wielder, but dealing
   reduced damage to them) before grounding out.
   rElec:     It insulates you from electricity.
 l - a +5 dagger of draining
 r - a +2 dagger of venom
 u - the +7 quarterstaff of the Muttering Augurer {vorpal, Str+4 Stlth+}
   (You found it on level 4 of the Dungeon)

   It inflicts extra damage upon your enemies.
   Str:       It affects your strength (+4).
   Stlth:     It makes you more stealthy.
 I - a +2 dagger of flaming
 Q - the +6 Majin-Bo {vamp, MP+6 Int+6}
   (You found it on level 3 of the Lair of Beasts)

   It heals its wielder for a portion of the damage dealt when they wound a
   living foe with it or with a spell.
   Its wielder's spells cost health as well as magical power.
   Int:       It affects your intelligence (+6).
   MP:        It affects your magic capacity (+6).
Missiles
 E - 6 throwing nets
Armour
 b - a +0 robe
 t - +1 steam dragon scales (worn)
 G - a +2 hat (worn)
 J - a +0 cloak (worn)
Jewellery
 e - a ring of flight (left hand)
 s - an amulet of reflection (around neck)
 D - an amulet of magic regeneration
 N - a ring of positive energy (right hand)
 P - the ring "Soc Cua" {Fire Will+}
   (You found it on level 11 of the Dungeon)

   [ring of fire]

   It enhances your fire magic.
   rF:        It protects you from fire.
   rC:        It makes you vulnerable to cold.
   Will:      It increases your willpower.
 T - a ring of poison resistance
Wands
 m - a wand of digging (3)
 n - a wand of iceblast (7)
 y - a wand of mindburst (48)
 L - a wand of paralysis (11)
 O - a wand of flame (20)
 S - a wand of polymorph (5)
Scrolls
 g - 5 scrolls of teleportation
 j - 3 scrolls of fear
 p - 2 scrolls of immolation
 q - 2 scrolls of magic mapping
 w - 3 scrolls of vulnerability
 x - 3 scrolls of butterflies
 C - 3 scrolls of amnesia
Potions
 d - 4 potions of brilliance
 f - 4 potions of flight
 h - 8 potions of haste
 i - 11 potions of curing
 k - 2 potions of degeneration
 o - 2 potions of invisibility
 v - 2 potions of berserk rage
 z - 4 potions of might
 A - 5 potions of lignification
 B - 4 potions of magic
 F - 5 potions of resistance
 H - a potion of cancellation
 K - 4 potions of attraction
 M - 3 potions of mutation {unknown}
 R - a potion of heal wounds


   Skills:
 + Level 4.6 Fighting
 + Level 10.3 Short Blades
 + Level 8.9 Dodging
 + Level 19.5 Stealth
 + Level 2.6 Shields
 + Level 10.6 Spellcasting
 + Level 0.3 Conjurations
 + Level 9.9 Hexes
 + Level 1.0 Translocations
 - Level 8.0 Ice Magic
 + Level 1.2 Evocations


You had 12 spell levels left.
You knew the following spells:

 Your Spells              Type           Power      Damage    Failure   Level
a - Ensorcelled Hibernat  Hex/Ice        82%        N/A       1%          2
b - Tukima's Dance        Hex            45%        N/A       1%          3
c - Dazzling Flash        Conj/Hex       54%        N/A       2%          3
d - Confusing Touch       Hex            45%        N/A       1%          3
e - Ozocubu's Armour      Ice            38%        N/A       1%          3
f - Metabolic Englaciati  Hex/Ice        20%        N/A       5%          5
g - Blink                 Tloc           26%        N/A       8%          2

Your spell library contained the following spells:

 Spells                   Type           Power      Damage    Failure   Level
 Portal Projectile        Hex/Tloc       58%        N/A       2%          3
 Inner Flame              Hex/Fire       27%        N/A       3%          3
 Summon Guardian Golem    Hex/Summ       27%        N/A       3%          3
 Foxfire                  Conj/Fire      40%        2x1d6     7%          1
 Sandblast                Erth           18%        2d7       8%          1
 Summon Small Mammal      Summ           36%        N/A       8%          1
 Leda's Liquefaction      Hex/Erth       13%        N/A       10%         4
 Passwall                 Tmut/Erth      7%         N/A       12%         2
 Scorch                   Fire           18%        2d6       12%         2
 Gell's Gravitas          Tloc           13%        N/A       14%         3
 Lesser Beckoning         Tloc           13%        N/A       14%         3
 Teleport Other           Tloc           13%        N/A       14%         3
 Summon Ice Beast         Ice/Summ       23%        N/A       14%         4
 Call Canine Familiar     Summ           9%         N/A       22%         3
 Conjure Flame            Conj/Fire      10%        6-21      22%         3
 Stone Arrow              Conj/Erth      20%        3d8       22%         3
 Flame Wave               Conj/Fire      10%        2d6       56%         4
 Manifold Assault         Tloc           13%        N/A       80%         5
 Alistair's Intoxication  Tmut/Pois      6%         N/A       91%         5
 Blade Hands              Tmut           4%         N/A       91%         5
 Borgnjor's Vile Clutch   Necr/Erth      4%         N/A       91%         5
 Lee's Rapid Deconstruct  Erth           4%         3d6*      91%         5
 Simulacrum               Ice/Necr       11%        N/A       92%         6
 Eringya's Noxious Bog    Tmut/Pois      4%         N/A       100%        6
 Statue Form              Tmut/Erth      6%         N/A       100%        6
 Summon Cactus Giant      Summ           4%         N/A       100%        6
 Storm Form               Tmut/Air       4%         N/A       100%        7
 Summon Hydra             Summ           4%         N/A       100%        7
 Dragon's Call            Summ           4%         N/A       100%        9


Dungeon Overview and Level Annotations

Branches:
Dungeon (13/15)            Temple (1/1) D:4            Lair (4/5) D:10
 Shoals (0/4) Lair:3       Spider (0/4) Lair:3        Slime (0/5) Lair:4
    Orc (0/2) D:10          Sewer (visited)         Ossuary (visited)
 Bailey (visited)
 Vaults: D:13-14

Altars:
Ashenzari
Cheibriados
Dithmenos
Elyvilon
Fedhas
Gozag
Hepliaklqana
Kikubaaqudgha
Makhleb
Nemelex Xobeh
Okawaru
Qazlal
Ru
Sif Muna
Trog
Uskayaw
Vehumet
Wu Jian
Xom
Yredelemnul
Zin
The Shining One
Jiyva

Shops:
D:10 **(

Annotations:
D:4 1 runed translucent door, Crazy Yiuf


Innate Abilities, Weirdness & Mutations

You are very small and have problems with some larger weapons.
You are too small for most types of armour.
You have supernaturally acute eyesight. (SInv)
You cover ground extremely quickly. (Speed+++)


Message History

The catoblepas is lightly wounded.
The catoblepas breathes a plume of calcifying dust at you.
The blast of calcifying dust hits you but does no damage.
You hit the catoblepas.
The catoblepas is lightly wounded.
You are engulfed in calcifying dust.
You are slowing down.
You puncture the catoblepas!
The arc blade crackles.
The catoblepas is struck by an arc of lightning!!
The catoblepas is heavily wounded.
You resist.
You are struck by an arc of lightning.
The catoblepas is struck by an arc of lightning!
The catoblepas is severely wounded.
You resist.
You are struck by an arc of lightning.
The catoblepas is struck by an arc of lightning.
The catoblepas is severely wounded.
You resist.
You are struck by an arc of lightning.
The catoblepas is struck by an arc of lightning!
The catoblepas is almost dead.
You resist.
You are struck by an arc of lightning.
The lightning grounds out.
The catoblepas is almost dead.
Your shadow hits the catoblepas but does no damage.
You are engulfed in calcifying dust.
The catoblepas gores you!!
You emit a cloud of dark smoke.
The catoblepas gores you.
Your limbs are stiffening.
You hit the catoblepas.
The catoblepas is almost dead.
You are engulfed in calcifying dust.
Your limbs have turned to stone.
The catoblepas breathes a plume of calcifying dust at you.
The blast of calcifying dust hits you.
* * * LOW HITPOINT WARNING * * *
You have turned to stone.
You are engulfed in calcifying dust.
The catoblepas gores you!
* * * LOW HITPOINT WARNING * * *
You are engulfed in calcifying dust.
The catoblepas gores you!
* * * LOW HITPOINT WARNING * * *
The catoblepas gores you!
* * * LOW HITPOINT WARNING * * *
The catoblepas gores you!!
You die...

....................####....###
...................####....##
..........†........##.....##
.##..####...#########....##
.##### ##.### ##......# ###
#..#..####.....### ..##
.......§§§§§....# ...#
#.......§§§§§..### ...#
#.......§Y@§§.#.# .###
##.##.####§§#..## ## ## ###
#######


You could see a catoblepas.

Vanquished Creatures
  4 hydras
  Harold (D:10)
  2 vault guards (Bailey)
  2 two-headed ogres
  5 death yaks
  Maurice (D:9)
  3 cyclopes
  A manticore (D:11)
  Joseph (D:10)
  3 black mambas
  8 cane toads
  4 komodo dragons
  An unseen horror (D:11)
  A rime drake (Lair:2)
  4 kobold demonologists
  3 unseen horror zombies (D:9)
  An efreet (D:13)
  A meliai (Lair:3)
  2 polar bears (Lair:3)
  4 trolls
  Prince Ribbit (Bailey)
  6 slime creatures (D:12)
  11 blink frogs
  Sigmund (D:3)
  3 shadows
  A wraith (D:11)
  37 yaks
  2 basilisks (Lair:3)
  6 humans (Bailey)
  2 steam dragons
  An acid dragon (D:12)
  8 water moccasins
  Duvessa (D:6)
  4 orc warriors
  An ice beast (D:6)
  2 ogres
  11 wolves
  4 centaurs
  3 phantoms
  An elf zombie (Ossuary)
  Blork the orc (D:6)
  A wyvern zombie (D:9)
  12 bullfrogs
  2 kobold brigands
  2 necrophages
  A scorpion (D:6)
  8 wights
  Dowan (D:6)
  6 killer bees
  4 electric eels
  2 howler monkeys
  2 hounds (D:4)
  3 orc priests
  2 centaur zombies (D:9)
  A gnoll bouda (D:5)
  A jelly (D:4)
  Ijyb (D:3)
  2 iguanas
  13 orc wizards
  2 hell rats (Lair:1)
  2 hound zombies (Ossuary)
  4 mummies (Ossuary)
  Robin (D:3)
  4 howler monkey zombies (D:9)
  8 gnolls
  9 river rats
  8 adders
  A white imp (D:7)
  An ufetubus (D:7)
  2 adder zombies (Ossuary)
  7 worms
  A dart slug (D:2)
  35 orcs
  6 ball pythons
  3 endoplasms (D:2)
  4 giant cockroaches
  20 goblins
  9 hobgoblins
  4 jackals
  17 kobolds
  3 quokkas
  5 bats
  2 frilled lizards (D:1)
  A gnoll zombie (Ossuary)
  A goblin zombie (Ossuary)
  2 jackal zombies (Ossuary)
  2 kobold zombies (Ossuary)
  2 rats (D:1)
  A rat zombie (Ossuary)
390 creatures vanquished.

Vanquished Creatures (collateral kills)
  A wight (D:10)
1 creature vanquished.

Vanquished Creatures (others)
  4 dancing weapons
  2 rats (Lair:1)
  14 fungi
  30 plants
50 creatures vanquished.

Grand Total: 441 creatures vanquished

Notes
Turn   | Place    | Note
-------+----------+-------------------------------------------
     0 | D:1      | Manisian the Spriggan Enchanter began the quest for the
                  | Orb.
     0 | D:1      | Reached XP level 1. HP: 9/9 MP: 5/5
   441 | D:1      | Reached XP level 2. HP: 13/13 MP: 7/7
   444 | D:1      | Learned a level 2 spell: Ensorcelled Hibernation
  1127 | D:2      | Found a faded altar of an unknown god.
  1603 | D:2      | Reached skill level 5 in Stealth
  1928 | D:2      | Reached XP level 3. HP: 12/16 MP: 3/8
  1932 | D:2      | Learned a level 3 spell: Tukima's Dance
  2504 | D:3      | Noticed Robin
  2720 | D:3      | Noticed a necrophage
  2722 | D:3      | Noticed Sigmund
  2728 | D:3      | Killed a necrophage
  2729 | D:3      | Reached skill level 6 in Stealth
  2729 | D:3      | Reached skill level 1 in Ice Magic
  2729 | D:3      | Reached XP level 4. HP: 21/21 MP: 10/10
  2735 | D:3      | Killed Sigmund
  2736 | D:3      | Reached skill level 7 in Stealth
  2736 | D:3      | Reached XP level 5. HP: 25/25 MP: 8/11
  2736 | D:3      | Reached XP level 6. HP: 29/29 MP: 8/12
  3350 | D:3      | Killed Robin
  3613 | D:3      | Noticed Ijyb
  3621 | D:3      | Killed Ijyb
  4028 | D:4      | Learned a level 3 spell: Dazzling Flash
  4032 | D:4      | Learned a level 3 spell: Confusing Touch
  4037 | D:4      | Noticed a steam dragon
  4041 | D:4      | Killed a steam dragon
  4042 | D:4      | Reached skill level 1 in Fighting
  4042 | D:4      | Reached skill level 8 in Stealth
  4100 | D:4      | Reached XP level 7. HP: 33/33 MP: 14/14
  4101 | D:4      | Identified the +7 quarterstaff of the Muttering Augurer
                  | {vorpal, Str+4 Stlth+}
  4104 | D:4      | Found a radiant altar of Vehumet.
  4417 | D:4      | Reached skill level 9 in Stealth
  4573 | D:4      | Got Mara's Atlas of the Congregation
  4612 | D:4      | Found a runed translucent door.
  4613 | D:4      | Noticed Crazy Yiuf
  4630 | D:4      | Found a staircase to the Ecumenical Temple.
  4797 | Temple   | Entered the Ecumenical Temple
  5101 | Temple   | Became a worshipper of Dithmenos the Shadowed
  5196 | D:5      | Entered Level 5 of the Dungeon
  5273 | D:5      | Found a sand-covered staircase.
  5293 | Ossuary  | Entered an ossuary
  5661 | Ossuary  | Reached * piety under Dithmenos
  5680 | Ossuary  | Identified a scroll of acquirement
  5680 | Ossuary  | Acquired the +8 arc blade {discharge, rElec}
  5680 | Ossuary  | Found the +8 arc blade {discharge, rElec}
  5776 | D:5      | Reached skill level 10 in Stealth
  5821 | D:5      | Reached XP level 8. HP: 38/38 MP: 15/15
  5885 | D:5      | Found a glowing drain.
  5894 | Sewer    | Entered a sewer
  5958 | Sewer    | Reached skill level 5 in Short Blades
  6167 | D:5      | You are sucked into a shaft and drop 2 floors!
  6343 | D:5      | Reached skill level 5 in Hexes
  6598 | D:5      | Reached skill level 11 in Stealth
  6757 | D:6      | Reached ** piety under Dithmenos
  7197 | D:6      | Noticed Blork the orc
  7202 | D:6      | Killed Blork the orc
  7208 | D:6      | Reached XP level 9. HP: 21/43 MP: 13/17
  7621 | D:6      | Noticed Dowan
  7622 | D:6      | Noticed Duvessa
  7633 | D:6      | Killed Duvessa
  7633 | D:6      | Killed Dowan
  7634 | D:6      | Reached skill level 5 in Spellcasting
  7722 | D:6      | Learned a level 3 spell: Ozocubu's Armour
  7793 | D:7      | Reached skill level 12 in Stealth
  7963 | D:7      | HP: 2/43 [orc wizard/magic dart (8)]
  8641 | D:7      | Reached skill level 5 in Dodging
  8757 | D:8      | Found a shimmering altar of Xom.
  9037 | D:8      | Reached *** piety under Dithmenos
 10122 | D:9      | Reached skill level 1 in Shields
 10130 | D:9      | Found a flagged portal.
 10158 | Bailey   | Entered a bailey
 10169 | Bailey   | Reached XP level 10. HP: 43/49 MP: 16/19
 10176 | Bailey   | Learned a level 5 spell: Metabolic Englaciation
 10224 | Bailey   | Reached skill level 13 in Stealth
 10373 | Bailey   | Noticed a vault guard
 10373 | Bailey   | Noticed Prince Ribbit
 10380 | Bailey   | Killed a vault guard
 10381 | Bailey   | Killed Prince Ribbit
 10408 | Bailey   | Noticed a vault guard
 10414 | Bailey   | Killed a vault guard
 10415 | Bailey   | Reached skill level 14 in Stealth
 10499 | D:9      | Reached **** piety under Dithmenos
 10797 | D:9      | Found a basalt altar of Yredelemnul.
 10799 | D:9      | Reached skill level 5 in Ice Magic
 10799 | D:9      | Reached XP level 11. HP: 52/52 MP: 22/22
 11136 | D:9      | Noticed a two-headed ogre
 11144 | D:9      | Killed a two-headed ogre
 11514 | D:9      | Noticed Maurice
 11521 | D:9      | Killed Maurice
 11744 | D:10     | Entered Level 10 of the Dungeon
 11752 | D:10     | Found a staircase to the Orcish Mines.
 11856 | D:10     | Reached skill level 15 in Stealth
 11879 | D:10     | Reached skill level 10 in Short Blades
 12085 | D:10     | Found a staircase to the Lair.
 12369 | D:10     | Found Ymugimmi's Assorted Antiques.
 12371 | D:10     | Found Vumadil's Antique Weapon Shoppe.
 12416 | D:10     | Noticed Harold
 12419 | D:10     | Killed Harold
 12651 | D:10     | Noticed Joseph
 13005 | D:10     | Killed Joseph
 13005 | D:10     | Reached ***** piety under Dithmenos
 13057 | D:10     | Found Cots's General Store.
 13133 | D:11     | Noticed a soul eater
 13149 | D:10     | Reached skill level 16 in Stealth
 13442 | D:11     | Noticed a sun demon
 13527 | D:11     | Noticed a two-headed ogre
 13535 | D:11     | Killed a two-headed ogre
 13536 | D:11     | Reached XP level 12. HP: 58/58 MP: 25/25
 13621 | D:11     | Identified the ring "Soc Cua" {Fire Will+}
 13628 | D:11     | Learned a level 2 spell: Blink
 13933 | D:12     | Noticed a four-headed hydra
 13955 | D:12     | Killed a four-headed hydra
 14216 | D:12     | Reached skill level 17 in Stealth
 14668 | D:13     | Noticed a boulder beetle
 14763 | Lair:1   | Entered Level 1 of the Lair of Beasts
 15358 | Lair:1   | Reached skill level 18 in Stealth
 16309 | Lair:2   | Noticed a seven-headed hydra
 16313 | Lair:2   | Killed a seven-headed hydra
 16367 | Lair:2   | Reached XP level 13. HP: 48/63 MP: 15/27
 17229 | Lair:3   | Found the +6 Majin-Bo {vamp, MP+6 Int+6}
 17564 | Lair:3   | HP: 2/63 [death yak (21)]
 17947 | Lair:3   | Found a staircase to the Shoals.
 17991 | Lair:3   | Reached skill level 10 in Spellcasting
 18160 | Lair:3   | Reached skill level 1 in Evocations
 18168 | Lair:3   | Reached skill level 19 in Stealth
 18168 | Lair:3   | Reached skill level 1 in Translocations
 18691 | Lair:3   | Found a hole to the Spider Nest.
 19302 | Lair:4   | Found a staircase to the Slime Pits.
 19302 | Lair:4   | Found a viscous altar of Jiyva.
 19416 | Lair:4   | HP: 1/63 [catoblepas (6)]
 19417 | Lair:4   | Mangled by a catoblepas

Illustrated notes

Levels and vault maps discovered:
D:1:      minmay_arrival_hallway, layout_rooms, minmay_misc_feat_cross
D:2:      layout_loops_corners, shapermc_ecumenical_altar_totnotflames
D:3:      layout_loops_ring, chequers_serial_rivers_small_3, uniq_robin,
          uniq_sigmund, uniq_ijyb
D:4:      layout_loops_cross, fiery_altar_vehumet, temple_green,
          uniq_crazy_yiuf_cottage
D:5:      layout_loops_ring, cheibrodos_sewer_entry_sluice,
          nicolae_ossuary_entry_false_entrances
D:6:      layout_basic, uniq_duvessa, uniq_blork_the_orc
D:7:      layout_rooms, grunt_ogre_cave
D:8:      layout_loops_ring, mainiacjoe_overflow_boulevard
D:9:      layout_long_grid, nicolae_yredelemnul_corpse_copse, enter_bailey_5,
          hangedman_abyss_or_decor_slice, uniq_maurice
D:10:     layout_irregular_city, dpeg_oklobed_lair, orc_0_dummy, serial_shops,
          nicolae_stop_n_shop_1, shop_fountains, shop, minmay_microvault,
          uniq_joseph, uniq_harold
D:11:     layout_basic
D:12:     layout_gridville, minivault_22, serial_bayou_ford_a
D:13:     layout_roguey, erik_vaults_2, st_stairs_11
Temple:   compressed_dpeg_triangle_lava_temple
Lair:1:   layout_cave_shapes, kennysheep_rathole, lemuel_fruit_tree,
          grunt_megastairs_2, serial_bayou_shore_b
Lair:2:   layout_roguey, grunt_megastairs_4
Lair:3:   layout_cave_pods, elwin_shoals_entry_rocks,
          hellmonk_spider_entry_not_the_bees, beast_lair_carwin_11,
          serial_bayou_shore_b, serial_bayou_shore_a
Lair:4:   layout_concentric_octagons, slime_entry_1

Skill      XL: |  1  2  3  4  5  6  7  8  9 10 11 12 13 |
---------------+----------------------------------------+-----
Spellcasting   | 3 4 5 6 8 9 10 | 10.6
Hexes          | 4 5 6 7 8 9 |  9.9
Stealth        | 5 6 7 8 10 11 12 14 16 18 19 | 19.5
Short Blades   | 2 3 4 6 8 9 10 | 10.3
Ice Magic      | 1 2 3 5 6 7 8 |  8.0
Dodging        | 3 4 5 6 7 8 |  8.9
Fighting       | 1 2 3 4 |  4.6
Shields        | 1 2 |  2.6
Evocations     | 1 |  1.2
Translocations | 1 |  1.0
Conjurations   | |  0.3

Action                   |  1- 3 |  4- 6 |  7- 9 | 10-12 | 13-15 || total
-------------------------+-------+-------+-------+-------+-------++-------
Melee: Dagger            |    91 |    73 |   115 |   401 |   142 ||   822
       Rapier            |       |       |   166 |    47 |    19 ||   232
       Punch             |       |       |     3 |     6 |     4 ||    13
 Cast: Ensorcelled Hiber |    28 |    10 |    22 |    81 |    48 ||   189
       Dazzling Flash    |       |       |     2 |     7 |     1 ||    10
       Tukima's Dance    |       |       |     5 |     7 |       ||    12
       Metabolic Englaci |       |       |       |     4 |     3 ||     7
       Blink             |       |       |       |       |     2 ||     2
Evoke: Wand              |       |       |     1 |     3 |     4 ||     8
  Use: Scroll            |     4 |       |    22 |     7 |     2 ||    35
       Potion            |     1 |       |     3 |     6 |     1 ||    11
 Stab: Sleeping          |    19 |    16 |    44 |    90 |    31 ||   200
       Invisible         |       |     1 |     4 |     7 |       ||    12
       Distracted        |       |       |       |     1 |       ||     1
Armor: Robe              |     9 |     6 |       |       |       ||    15
       Steam dragon scal |       |       |    18 |    44 |    17 ||    79
Dodge: Dodged            |    64 |    47 |   133 |   335 |   121 ||   700
Block: Other             |       |       |    38 |    73 |    33 ||   144
       Reflection        |       |       |     1 |     5 |       ||     6

Table legend: (Time is in decaauts)
 A = Elapsed time spent in this place.
 B = Non-inter-level travel time spent in this place.
 C = Inter-level travel time spent in this place.
 D = Time resting spent in this place.
 E = Time spent auto-exploring this place.
 F = Levels seen in this place.
 G = Mean time per level.
                   A        B        C        D        E       F      G
               +--------+--------+--------+--------+--------+-----+--------+
         Total |  14492 |  13941 |    551 |   1672 |   9856 |  21 |  690.1 |
       Dungeon |  10105 |   9684 |    421 |    940 |   7115 |  13 |  777.3 |
        Temple |    194 |    166 |     28 |      0 |    156 |   1 |  194.0 |
          Lair |   3536 |   3434 |    102 |    634 |   2248 |   4 |  884.0 |
         Sewer |     75 |     75 |      0 |      0 |     49 |   1 |   75.0 |
       Ossuary |    336 |    336 |      0 |      0 |    223 |   1 |  336.0 |
        Bailey |    244 |    244 |      0 |     98 |     61 |   1 |  244.0 |
               +--------+--------+--------+--------+--------+-----+--------+

Top non-repeatable levels by time:
  Lair:2: 1422 daAuts
     D:2: 1278 daAuts
     D:6: 1188 daAuts
  Lair:3: 1108 daAuts
    D:10: 1090 daAuts
     D:9: 996 daAuts
  Lair:1: 926 daAuts
     D:4: 870 daAuts
     D:3: 865 daAuts
     D:7: 850 daAuts
     D:1: 749 daAuts
     D:5: 666 daAuts
    D:12: 604 daAuts
    D:11: 520 daAuts
     D:8: 385 daAuts
